 Dungeon Crawl Stone Soup version 0.19-a0-1128-gc4a0c12 (webtiles) character file.

275 Jmtri7 the Ducker (level 6, -5/44 HPs)
             Began as a Demonspawn Gladiator on Aug 12, 2016.
             Killed by divine providence
             ... invoked by an orc priest
              (12 damage)
             ... on level 5 of the Dungeon.
             The game lasted 00:08:24 (2704 turns).

Jmtri7 the Ducker (Demonspawn Gladiator)            Turns: 2704, Time: 00:08:24

Health: -5/44      AC:  5    Str: 16    XL:     6   Next: 3%
Magic:  6/6        EV: 11    Int:  9    God:
Gold:   183        SH:  0    Dex: 15    Spells: 0 memorised, 5 levels left

rFire  . . .     SeeInvis .     a - +1 long sword
rCold  . . .     Gourm    .     m - +0 robe
rNeg   . . .     Faith    +     (no shield)
rPois  .         Spirit   .     c - +0 helmet
rElec  .         Dismiss  .     (no cloak)
rCorr  .         Reflect  .     (no gloves)
SustAt .         Harm     .     (no boots)
MR     .....                    i - amulet of faith
Stlth  ++........               (no ring)
                                (no ring)

@:
A: icy blue scales 1, nightstalker 1
a: no special abilities


You were on level 5 of the Dungeon.
You were not hungry.

You visited 1 branch of the dungeon, and saw 5 of its levels.

You collected 183 gold pieces.

Inventory:

Hand Weapons
 a - a +1 long sword (weapon)
Missiles
 d - 4 throwing nets (quivered)
Armour
 c - a +0 helmet (worn)
 m - a +0 robe (worn)
Jewellery
 g - an uncursed amulet of guardian spirit
 i - an amulet of faith (around neck)
 u - an uncursed ring of protection from fire {unknown}
Wands
 w - a wand of slowing (21/48)
Scrolls
 e - 6 scrolls of identify
 j - 3 scrolls of teleportation
 k - a scroll of blinking {unknown}
 n - a scroll of enchant weapon
 r - 2 scrolls of magic mapping {unknown}
 x - a scroll of remove curse
Potions
 b - a potion of invisibility {unknown}
 l - a potion of lignification {unknown}
 o - 2 potions of curing {unknown}
 p - a potion of berserk rage {unknown}
 z - a potion of degeneration {unknown}
Books
 y - a Fen Folio

   Spells                             Type                      Level
   a - Corpse Rot                     Necromancy                   2
   b - Stone Arrow                    Conjuration/Earth            3
   c - Leda's Liquefaction            Hexes/Earth                  4
   d - Summon Forest                  Summoning/Translocation      5
   e - Hydra Form                     Transmutation                6
   f - Summon Hydra                   Summoning                    7
Comestibles
 f - 3 bread rations
 h - 2 fruits
 q - a slice of pizza
 s - a meat ration
 t - 5 chunks of flesh
 v - a beef jerky


   Skills:
 - Level 2.0 Fighting
 - Level 2.6 Long Blades
 - Level 1.7 Throwing
 + Level 6.2 Dodging


You had 5 spell levels left.
You didn't know any spells.

Dungeon Overview and Level Annotations

Branches:
Dungeon (5/15)
 Temple: D:4-7

Altars:
Makhleb
Nemelex Xobeh


Innate Abilities, Weirdness & Mutations

You are partially covered in icy blue scales. (AC +2)
You are slightly more attuned to the shadows.


Message History

Your experience leads to an increase in your attributes!
Increase (S)trength, (I)ntelligence, or (D)exterity?
You feel agile.
There is a stone staircase leading down here.
The hound bites you but does no damage.
You climb downwards.
An iguana, an orc priest and 3 orc wizards come into view.
The orc wizard shouts! x2; The orc priest shouts!
The orc wizard shouts!
The iguana hisses angrily.
There is a stone staircase leading up here.
The hound completely misses you.
You riposte.
You closely miss the hound. The hound bites you but does no damage.
The orc wizard casts a spell.
The orc wizard flickers and vanishes!
Deactivating autopickup; reactivate with Ctrl-A.
The orc wizard misses you.
You riposte.
You hit the orc wizard but do no damage.
The orc priest calls down the wrath of Beogh upon you.
Beogh smites you!
You die...

##### #..{.
#....#####
#...o@o.o#
#...h###lo.#
#.... ..
####. .. ..
#..


You could see an iguana, a hound, an orc priest, 2 orc wizards and an orc.

Vanquished Creatures
  A hound (D:4)
  An orc wizard (D:3)
  Ijyb (D:3)
  3 gnolls (D:2)
  5 adders
  An ooze (D:1)
  3 worms
  2 dart slugs
  2 giant geckos
  7 orcs
  12 bats
  6 giant cockroaches
  9 goblins
  12 hobgoblins
  8 jackals
  A ball python (D:1)
  4 giant newts
  9 kobolds
  8 rats
95 creatures vanquished.

Notes
Turn   | Place    | Note
-------+----------+-------------------------------------------
     0 | D:1      | Jmtri7 the Demonspawn Gladiator began the quest for the Orb.
     0 | D:1      | Reached XP level 1. HP: 16/16 MP: 1/1
    49 | D:1      | Reached skill level 3 in Dodging
    61 | D:1      | Gained mutation: You are partially covered in icy blue scales. (AC +2) [demonic ancestry]
    61 | D:1      | Reached XP level 2. HP: 20/22 MP: 2/2
   289 | D:1      | Gained mutation: You are slightly more attuned to the shadows. [demonic ancestry]
   289 | D:1      | Reached XP level 3. HP: 15/27 MP: 3/3
   496 | D:1      | Reached skill level 4 in Dodging
   895 | D:2      | Found a sparkling altar of Nemelex Xobeh.
   998 | D:2      | Reached XP level 4. HP: 33/33 MP: 4/4
  1212 | D:2      | Reached skill level 5 in Dodging
  1529 | D:2      | Reached XP level 5. HP: 38/38 MP: 5/5
  2122 | D:3      | Noticed Ijyb
  2134 | D:3      | Killed Ijyb
  2434 | D:3      | Found a burning altar of Makhleb.
  2434 | D:3      | Noticed a green death
  2437 | D:3      | Noticed an orange demon
  2437 | D:3      | Noticed a hellwing
  2639 | D:4      | Reached skill level 6 in Dodging
  2701 | D:4      | Reached XP level 6. HP: 7/44 MP: 6/6
  2703 | D:5      | Entered Level 5 of the Dungeon
  2704 | D:5      | Killed from afar by an orc priest

Vault maps used:
D:1:      tarquinn_simple_flora_water_f
D:2:      overflow_temple_1_default, first_bread
D:3:      makhleb_altar_promises_db, uniq_iyjb
D:4:      serial_shops, nicolae_shop_window_shopping, hangedman_decor_growths
D:5:      grunt_temple_overflow_holy_war, guppyfry_shop_venom, uniq_edmund,
          uniq_eustachio

Skill      XL: |  1  2  3  4  5 |
---------------+----------------+-----
Dodging        | 3 4 5 6 |  6.2
Fighting       | |  2.0
Long Blades    | |  2.6
Throwing       | |  1.7

Action                   |  1- 3 |  4- 6 || total
-------------------------+-------+-------++-------
Melee: Long sword        |   134 |   198 ||   332
  Use: Scroll            |     6 |       ||     6
 Stab: Sleeping          |     3 |     6 ||     9
  Eat: Chunk             |     1 |     5 ||     6
Armor: Leather armour    |    41 |    20 ||    61
       Robe              |       |    27 ||    27
Dodge: Dodged            |    80 |   150 ||   230
